 Dungeon Crawl Stone Soup version 0.22.2-1-ge965b3a (webtiles) character file.

8093 smallpebble the Cleaver (level 11, -7/94 (95) HPs)
             Began as a Hill Orc Fighter on Apr 10, 2019.
             Was an Elder of Trog.
             Mangled by a cyan ugly thing (14 damage)
             ... on level 10 of the Dungeon.
             The game lasted 00:44:20 (11530 turns).

smallpebble the Cleaver (Hill Orc Fighter)         Turns: 11530, Time: 00:44:21

HP:   -7/94 (95)    AC:  9    Str: 22    XL:     11   Next: 25%
MP:   11/12         EV: 12    Int:  8    God:    Trog [****..]
Gold: 477           SH: 17    Dex: 13    Spells: 10/10 levels left

rFire    . . .     SeeInvis +   a - +1 war axe
rCold    . . .     Gourm    .   c - +0 shield
rNeg     + . .     Faith    .   A - +3 leather armour {MR+}
rPois    .         Spirit   .   (no helmet)
rElec    .         Reflect  +   v - +1 cloak
rCorr    .         Harm     .   (no gloves)
MR       +....                  (no boots)
Stlth    ++........             p - +5 amulet of reflection
HPRegen  0.25/turn              o - ring of see invisible
MPRegen  0.13/turn              y - ring of positive energy

@: about to teleport
A: agile 1, blurry vision 1, subdued magic 1, MP-powered wands
a: Berserk, Trog's Hand, Brothers in Arms, Renounce Religion


You were on level 10 of the Dungeon.
You worshipped Trog.
Trog was greatly pleased with you.
You were hungry.

You visited 1 branch of the dungeon, and saw 11 of its levels.

You collected 477 gold pieces.

Inventory:

Hand Weapons
 a - a +1 war axe (weapon)
 z - a +1 morningstar of protection
Armour
 c - a +0 shield (worn)
 v - a +1 cloak (worn)
 x - a +0 plate armour
 A - a +3 leather armour of magic resistance (worn)
Jewellery
 o - a ring of see invisible (left hand)
 p - a +5 amulet of reflection (around neck)
 t - an uncursed ring of flight
 y - a ring of positive energy (right hand)
Wands
 i - a wand of random effects (18)
 s - a wand of paralysis (9)
 u - a wand of digging (10)
Scrolls
 j - 7 scrolls of identify
 k - 3 scrolls of teleportation
 r - a scroll of remove curse
 w - a scroll of holy word {unknown}
 B - a scroll of magic mapping
 C - a scroll of acquirement {unknown}
Potions
 b - 3 potions of degeneration {unknown}
 d - 3 potions of might
 e - a potion of lignification {unknown}
 g - a potion of brilliance
 h - a potion of resistance
 l - 2 potions of cancellation
 m - a potion of magic
 n - 2 potions of curing {unknown}
 D - a potion of heal wounds
Comestibles
 f - 10 rations


   Skills:
 + Level 8.8 Fighting
 + Level 13.2 Axes
 + Level 7.8 Armour
 * Level 4.1 Dodging
 + Level 1.5 Stealth
 + Level 9.5 Shields
 + Level 1.8 Evocations


You had 10 spell levels left.
You didn't know any spells.
Your spell library was empty.

Dungeon Overview and Level Annotations

Branches:
Dungeon (11/15)              Lair (0/6) D:9
 Temple: D:4-7          Orc: D:9-12

Altars:
Ashenzari
Cheibriados
Dithmenos
Elyvilon
Hepliaklqana
Kikubaaqudgha
Makhleb
Qazlal
Ru
Sif Muna
Trog
Wu Jian
Zin
The Shining One

Shops:
D:6 :   D:8 (   D:9 %

Annotations:
D:6 Prince Ribbit


Innate Abilities, Weirdness & Mutations

You are agile. (Dex +2)
Scrolls take you a little longer to read.
Your spells are a little easier to cast, but a little less powerful.
You expend magic power (3 MP) to strengthen your wands.


Message History

The cyan ugly thing is severely wounded.
The cyan ugly thing engulfs you! The cyan ugly thing shocks you!
You hit the cyan ugly thing.
The cyan ugly thing is severely wounded.
The cyan ugly thing engulfs you. The cyan ugly thing shocks you!
* * * LOW HITPOINT WARNING * * *
You begin reading the scroll.
You continue reading the scroll.
The cyan ugly thing closely misses you.
As you read the scroll of teleportation, it crumbles to dust.
You feel strangely unstable. The cyan ugly thing misses you.
You closely miss the cyan ugly thing.
The cyan ugly thing is severely wounded.
You block the cyan ugly thing's attack.
You slash the cyan ugly thing!
The cyan ugly thing is almost dead.
The cyan ugly thing engulfs you!
* * * LOW HITPOINT WARNING * * *
The cyan ugly thing shocks you!
You die...

.......###.##.#..#
.........#.##....####
.......#.#.###......#
...(...#.#.# #.#.##.####
...(.....#.# #.#.##....#
.......###.# #...#####.#
#.#....###.####........#
#.#...........#..#######
..#.....#.......@#
#######........u># #
###......### # ###....#
# ######


You could see a cyan ugly thing.

Vanquished Creatures
  An orange crystal statue (D:10)
  A manticore (D:8)
  An ugly thing (D:9)
  A komodo dragon (D:9)
  A merfolk (D:9)
  Grinder (D:5)
  2 hippogriffs
  A meliai zombie (D:9)
  A wraith (D:10)
  2 wyverns (D:8)
  4 hungry ghosts
  Menkaure (D:5)
  A water moccasin (D:9)
  3 orc warriors
  A necrophage (D:8)
  3 ice beasts
  A phantom (D:9)
  A black bear (D:10)
  2 sky beasts
  7 ogres
  4 centaurs
  A crocodile (D:8)
  2 big kobolds (D:10)
  Blork the orc (D:4)
  5 bullfrogs
  A wyvern skeleton (D:8)
  A scorpion (D:8)
  3 killer bees (D:10)
  An electric eel (D:9)
  A howler monkey (D:9)
  11 crimson imps
  A lava snake (D:9)
  3 quasits
  2 jellies
  5 hounds
  A bullfrog skeleton (D:7)
  3 orc priests
  A centaur skeleton (D:9)
  6 iguanas
  10 orc wizards
  7 worker ants
  A killer bee zombie (D:9)
  2 hound zombies
  6 adders
  2 shadow imps
  2 adder skeletons
  7 worms
  2 dart slugs (D:1)
  6 leopard geckos
  22 orcs
  A ball python (D:2)
  5 bats
  A bat zombie (D:2)
  5 giant cockroaches
  11 goblins
  4 hobgoblins
  10 jackals
  3 quokkas
  6 frilled lizards
  2 giant cockroach zombies
  14 kobolds
  A leopard gecko skeleton (D:2)
  A quokka skeleton (D:8)
  5 rats
  3 rat zombies (D:2)
228 creatures vanquished.

Vanquished Creatures (others)
  An orc (D:10)
  2 kobolds (D:10)
  9 plants (D:9)
12 creatures vanquished.

Grand Total: 240 creatures vanquished

Notes
Turn   | Place    | Note
-------+----------+-------------------------------------------
     0 | D:1      | smallpebble the Hill Orc Fighter began the quest for the
                  | Orb.
     0 | D:1      | Reached XP level 1. HP: 19/19 MP: 1/1
   254 | D:1      | Reached XP level 2. HP: 23/27 MP: 2/2
   942 | D:2      | Found an ancient bone altar of Kikubaaqudgha.
  1008 | D:2      | Reached skill level 3 in Axes
  1023 | D:2      | Reached XP level 3. HP: 33/33 MP: 3/3
  1408 | D:2      | Found a glowing golden altar of the Shining One.
  1913 | D:3      | Reached XP level 4. HP: 41/41 MP: 4/4
  2271 | D:3      | Gained mutation: You are agile. (Dex +2) [potion of
                  | mutation]
  2271 | D:3      | Gained mutation: Your spells are a little easier to cast,
                  | but a little less powerful. [potion of mutation]
  2271 | D:3      | Gained mutation: Scrolls take you a little longer to read.
                  | [potion of mutation]
  2271 | D:3      | Gained mutation: You expend magic power (3 MP) to
                  | strengthen your wands. [potion of mutation]
  2434 | D:4      | Reached skill level 4 in Axes
  2530 | D:4      | Reached XP level 5. HP: 40/47 MP: 5/5
  2736 | D:4      | Noticed Blork the orc
  2747 | D:4      | Killed Blork the orc
  2747 | D:4      | Reached skill level 5 in Axes
  2747 | D:4      | Reached skill level 1 in Dodging
  2795 | D:4      | Reached XP level 6. HP: 43/53 MP: 6/6
  2858 | D:4      | Found a hazy altar of Hepliaklqana.
  2998 | D:5      | Entered Level 5 of the Dungeon
  3001 | D:5      | Found a bloodstained altar of Trog.
  3219 | D:5      | Noticed Menkaure
  3220 | D:5      | Noticed an ice beast
  3241 | D:5      | Killed Menkaure
  3241 | D:5      | Reached skill level 6 in Axes
  3241 | D:5      | Reached XP level 7. HP: 15/60 MP: 7/7
  3482 | D:5      | Found a shadowy altar of Dithmenos.
  3602 | D:5      | Found a deep blue altar of Sif Muna.
  3642 | D:5      | Found a glowing silver altar of Zin.
  3642 | D:5      | Noticed Grinder
  3681 | D:5      | Paralysed by Grinder for 3 turns
  3687 | D:5      | Killed Grinder
  3687 | D:5      | Reached skill level 5 in Fighting
  3687 | D:5      | Reached skill level 7 in Axes
  3911 | D:5      | Reached skill level 5 in Shields
  4220 | D:5      | Became a worshipper of Trog the Wrathful
  4249 | D:5      | You fall through a shaft for 2 floors!
  4294 | D:8      | Reached skill level 8 in Axes
  4294 | D:8      | Reached XP level 8. HP: 66/68 MP: 8/8
  4310 | D:8      | Reached skill level 5 in Armour
  4392 | D:8      | Reached skill level 1 in Evocations
  4701 | D:8      | Found Aphad's Antique Weapon Shoppe.
  4832 | D:8      | Noticed a wyvern
  4832 | D:8      | Noticed a wyvern
  4844 | D:8      | Killed a wyvern
  4844 | D:8      | Reached skill level 9 in Axes
  4861 | D:8      | Killed a wyvern
  4864 | D:8      | Reached * piety under Trog
  5074 | D:9      | Noticed a hippogriff
  5096 | D:9      | Killed a hippogriff
  5096 | D:9      | Reached skill level 1 in Stealth
  5096 | D:9      | Reached XP level 9. HP: 49/75 MP: 9/9
  5144 | D:9      | Reached skill level 10 in Axes
  5654 | D:10     | Entered Level 10 of the Dungeon
  6094 | D:10     | Found a white marble altar of Elyvilon.
  6094 | D:10     | Noticed an orange crystal statue
  6191 | D:9      | Noticed a red ugly thing
  6211 | D:9      | Killed a red ugly thing
  6211 | D:9      | Reached skill level 11 in Axes
  6536 | D:9      | Found a sacrificial altar of Ru.
  6577 | D:9      | Reached XP level 10. HP: 79/86 MP: 10/10
  6992 | D:6      | Found Buxzogg's Book Shop.
  7112 | D:6      | Reached ** piety under Trog
  7322 | D:6      | Found a snail-covered altar of Cheibriados.
  7322 | D:6      | Found a burning altar of Makhleb.
  7335 | D:6      | Found a stormy altar of Qazlal.
  7339 | D:6      | Found a snail-covered altar of Cheibriados.
  7339 | D:6      | Found an ornate altar of the Wu Jian Council.
  7443 | D:6      | Noticed a four-headed hydra
  8070 | D:6      | Noticed Prince Ribbit
  8251 | D:7      | Reached skill level 12 in Axes
  8647 | D:8      | Noticed a manticore
  9009 | D:8      | Reached *** piety under Trog
  9030 | D:8      | Found a shattered altar of Ashenzari.
  9159 | D:8      | Killed a manticore
  9429 | D:9      | Found a staircase to the Lair.
  9509 | D:9      | Found Yhufrad's Food Shoppe.
 10227 | D:9      | Found a bloodstained altar of Trog.
 10335 | D:9      | HP: 3/88 [merfolk/spear (14)]
 10338 | D:9      | Reached XP level 11. HP: 3/94 MP: 5/12
 10630 | D:9      | Found a shattered altar of Ashenzari.
 10913 | D:10     | Reached skill level 13 in Axes
 11282 | D:10     | Reached **** piety under Trog
 11500 | D:10     | Killed an orange crystal statue
 11507 | D:11     | Noticed a cyan ugly thing
 11530 | D:10     | Mangled by a cyan ugly thing

Skill      XL: |  1  2  3  4  5  6  7  8  9 10 11 |
---------------+----------------------------------+-----
Axes           | 3 4 5 6 8 9 11 12 13 | 13.2
Fighting       | 4 5 6 7 8 |  8.8
Shields        | 4 5 6 7 9 |  9.5
Armour         | 4 5 6 7 |  7.8
Dodging        | 1 2 3 4 |  4.1
Evocations     | 1 |  1.8
Stealth        | 1 |  1.5

Action                   |  1- 3 |  4- 6 |  7- 9 | 10-12 || total
-------------------------+-------+-------+-------+-------++-------
Melee: War axe           |   124 |   115 |   348 |   461 ||  1048
Evoke: Wand              |       |       |     5 |    11 ||    16
  Use: Scroll            |     9 |       |     7 |    11 ||    27
       Potion            |     2 |     2 |     3 |     1 ||     8
 Stab: Sleeping          |       |       |       |     1 ||     1
       Distracted        |       |       |       |     1 ||     1
  Eat: Chunk             |     3 |     1 |       |     4 ||     8
       Ration            |       |     1 |     4 |     6 ||    11
Armor: Scale mail        |    17 |       |       |       ||    17
       Ring mail         |    41 |    44 |    26 |       ||   111
       Plate armour      |       |       |    76 |   121 ||   197
       Leather armour    |       |       |       |    21 ||    21
Dodge: Dodged            |    33 |    34 |    52 |    95 ||   214
Block: Shield            |    74 |    39 |   274 |   361 ||   748
       Reflection        |       |       |    20 |    23 ||    43
